Map: Ephemeron LE

Players

Clem

  • Race: Terran Terran
  • League: Master
  • Spawn Location: 11:00

Special - Winner!

  • Race: Terran Terran
  • League: Master
  • Spawn Location: 5:00

VOD

Have the link to the VOD?

Description

Time

  • Played on: Jan. 14, 2020, 12:15 p.m.
  • Length: 13:01
Show
View Real Time Build Order
Export as new Build Order

Clem Terran 

Build Orders: Gas First Reaper Expand 

Get SALT Encoding   

  12  0:00  SCV  
  13  0:12  SCV  
  14  0:17  Supply Depot  
  14  0:25  SCV  
  15  0:30  Refinery  
  15  0:38  SCV  
  16  0:44  Barracks  
  16  0:50  SCV  
  17  1:03  SCV  
  18  1:15  SCV  
  19  1:31  Reaper, Orbital Command  
  20  1:44  Command Center  
  20  1:57  Factory  
  20  2:00  SCV  
  21  2:07  Barracks Reactor  
  21  2:11  Supply Depot  
  21  2:13  SCV  
  22  2:23  Refinery  
  22  2:25  SCV  
  23  2:38  SCV  
  23  2:41  Hellion  
  25  2:44  Marine x2  
  25  2:47  Starport  
  25  2:51  SCV  
  28  3:02  Marine x2  
  28  3:06  SCV  
  28  3:12  Factory Tech Lab  
  29  3:18  SCV  
  29  3:19  Orbital Command  
  30  3:23  Marine x2  
  32  3:30  SCV  
  33  3:36  Raven  
  33  3:37  Factory Tech Lab  
  35  3:41  Marine  
  35  3:42  Marine, SCV  
  35  3:45  SCV  
  39  3:49  Supply Depot  
  39  3:56  Cyclone  
  39  4:00  SCV  
  39  4:02  Marine x2  
  43  4:08  SCV  
  45  4:14  SCV  
  46  4:17  Refinery  
  46  4:18  Supply Depot  
  46  4:20  SCV  
  47  4:27  SCV  
  47  4:29  Siege Tank  
  51  4:32  SCV  
  51  4:34  Marine  
  53  4:39  Viking  
  53  4:40  SCV  
  53  4:45  Viking  
  56  4:47  SCV, Supply Depot  
  56  4:52  Marine, SCV  
  59  5:01  SCV  
  59  5:05  SCV  
  61  5:09  Siege Tank  
  61  5:11  Viking  
  61  5:13  Marine, SCV  
  68  5:17  SCV  
  68  5:24  Viking  
  70  5:28  Refinery  
  70  5:31  Supply Depot  
  70  5:34  Command Center  
  70  5:39  Marine  
  70  5:41  SCV  
  70  5:49  Supply Depot  
  70  5:52  SCV, Siege Tank  
  70  5:53  SCV  
  75  5:57  Marine, Viking  
  78  6:04  Supply Depot  
  78  6:05  Refinery  
  78  6:10  SCV x2  
  77  6:13  Stimpack  
  77  6:15  Marine  
  77  6:22  SCV x2  
  78  6:31  Siege Tank  
  81  6:33  Marine, Liberator  
  81  6:34  SCV  
  81  6:38  Viking  
  81  6:39  Barracks  
  85  6:40  SCV, Barracks  
  85  6:46  SCV  
  81  6:50  Marine  
  81  6:53  Orbital Command  
  83  6:57  SCV  
  83  6:58  SCV  
  83  7:07  Siege Tank  
  79  7:08  Marine  
  79  7:09  SCV  
  79  7:15  SCV, Barracks  
  79  7:17  Barracks  
  79  7:22  SCV  
  80  7:25  Orbital Command  
  80  7:26  Marine  
  80  7:27  SCV  
  74  7:30  Barracks Reactor, Barracks Tech Lab  
  74  7:35  Engineering Bay  
  72  7:38  Viking  
  72  7:39  Engineering Bay  
  72  7:42  Viking  
  76  7:45  Siege Tank  
  76  7:46  SCV  
  76  7:51  Combat Shield  
  80  7:53  Marauder  
  80  7:57  Marauder  
  80  7:58  SCV  
  84  7:59  SCV  
  84  8:01  SCV  
  84  8:04  Terran Infantry Weapons Level 1  
  86  8:08  Barracks Reactor, Barracks Tech Lab  
  86  8:09  Supply Depot  
  86  8:10  Marine x2  
  86  8:11  SCV  
  89  8:15  SCV, Supply Depot  
  89  8:17  SCV  
  89  8:18  Terran Infantry Armor Level 1  
  91  8:22  Marauder x2  
  91  8:24  SCV  
  96  8:27  SCV  
  96  8:30  Marine x2  
  96  8:32  SCV  
  100  8:34  Supply Depot, Siege Tank  
  100  8:35  Refinery  
  100  8:38  Refinery, Marauder  
  100  8:39  SCV x2  
  107  8:42  Supply Depot  
  107  8:46  Marauder x2  
  107  8:48  Marine x4  
  111  8:49  Missile Turret  
  111  8:51  SCV  
  111  8:52  SCV  
  117  8:57  Medivac, Supply Depot  
  117  8:59  Medivac  
  117  9:00  Marine  
  117  9:01  SCV  
  123  9:04  SCV  
  123  9:06  Marine x3  
  123  9:07  Marine  
  128  9:10  Command Center  
  128  9:12  SCV  
  128  9:16  Marauder  
  130  9:17  Siege Tank  
  130  9:18  Marauder  
  130  9:21  Concussive Shells  
  130  9:23  Supply Depot  
  133  9:25  Armory  
  133  9:27  Marine x3  
  133  9:29  Marauder  
  133  9:31  SCV  
  139  9:39  Marine x2  
  139  9:40  Marauder  
  139  9:42  Supply Depot  
  141  9:50  Widow Mine  
  141  9:51  Marine x2  
  145  9:52  Supply Depot  
  145  9:53  Supply Depot  
  145  9:54  Marauder  
  145  9:57  Marauder  
  149  10:03  Marine x2  
  149  10:04  Marauder  
  149  10:05  Viking x2  
  157  10:11  Widow Mine  
  157  10:12  SCV x2, Supply Depot  
  161  10:15  Missile Turret, Marauder  
  161  10:18  Marine x2  
  163  10:26  SCV x2  
  165  10:31  Terran Infantry Weapons Level 2, Terran Infantry Armor Level 2  
  165  10:34  Terran Vehicle And Ship Armor Level 1  
  165  10:35  SCV, Refinery  
  163  10:43  Marine x2  
  163  10:46  Refinery  
  163  10:47  Viking, Siege Tank  
  170  10:50  Viking  
  172  10:59  Starport  
  172  11:00  Starport  
  172  11:01  Planetary Fortress  
  172  11:02  SCV x2  
  174  11:05  SCV  
  174  11:10  Marine x3  
  162  11:13  Marauder x2  
  162  11:16  Marine x2  
  162  11:17  SCV x2  
  162  11:18  SCV  
  155  11:22  Viking  
  155  11:23  Viking  
  158  11:28  Marine  
  158  11:29  Marine x2  
  159  11:36  Viking, Siege Tank  
  159  11:38  Marine, Marauder  
  167  11:45  Marauder x2  
  171  11:49  Marine x3  
  171  11:50  Viking  
  171  11:52  Viking  
  178  11:59  Marauder  
  178  12:00  Command Center  
  176  12:04  Viking  
  176  12:06  Viking  
  176  12:07  Marine x2, Marauder x2  
  174  12:26  Marine x3  
  174  12:27  Marauder  
  174  12:28  Marauder  
  176  12:34  Marine  
  176  12:35  Marine  
Show
View Real Time Build Order
Export as new Build Order

Special Terran - Winner!

Build Orders: Mech 

Get SALT Encoding   

  12  0:01  SCV  
  13  0:13  SCV  
  14  0:18  Supply Depot  
  14  0:25  SCV  
  15  0:29  Refinery  
  15  0:39  SCV  
  16  0:44  Barracks  
  16  0:51  SCV  
  17  1:03  SCV  
  18  1:15  SCV  
  19  1:31  Marine  
  19  1:32  Orbital Command  
  20  1:33  Factory  
  20  1:49  Reaper  
  20  1:53  Supply Depot  
  21  1:57  SCV  
  22  2:09  SCV  
  23  2:16  Command Center  
  23  2:19  Hellion  
  23  2:22  Reaper  
  26  2:25  SCV  
  27  2:32  Refinery  
  26  2:39  Supply Depot  
  26  2:40  SCV  
  27  2:45  Hellion  
  29  2:52  SCV  
  29  2:55  Barracks Tech Lab  
  30  3:04  SCV  
  29  3:16  SCV  
  30  3:20  Cyclone  
  30  3:25  Starport  
  33  3:28  SCV  
  34  3:34  Orbital Command  
  34  3:37  Refinery  
  34  3:40  SCV  
  35  3:49  Barracks Tech Lab  
  35  3:52  SCV, Cyclone  
  39  4:02  SCV  
  40  4:04  SCV  
  41  4:14  SCV  
  41  4:16  Raven, SCV  
  44  4:23  Command Center  
  44  4:26  Cyclone  
  44  4:27  SCV  
  44  4:28  SCV  
  49  4:33  Supply Depot  
  47  4:39  SCV  
  47  4:42  SCV  
  47  4:43  Mag-Field Accelerator  
  47  4:48  Refinery  
  47  4:51  SCV  
  48  4:54  SCV  
  48  4:58  Cyclone  
  52  5:03  SCV  
  52  5:06  SCV  
  54  5:08  Factory  
  51  5:15  SCV  
  51  5:18  SCV  
  53  5:27  SCV  
  54  5:30  Cyclone  
  54  5:31  SCV  
  54  5:34  Factory  
  54  5:35  SCV  
  59  5:39  SCV  
  59  5:42  Barracks Reactor  
  60  5:43  SCV  
  60  5:47  Starport Reactor  
  60  5:48  Orbital Command  
  61  5:51  SCV  
  61  5:55  SCV, Siege Tank  
  66  6:01  Supply Depot  
  66  6:02  Siege Tank  
  66  6:03  SCV  
  70  6:06  Supply Depot  
  70  6:07  SCV  
  71  6:15  SCV x2  
  73  6:19  SCV  
  74  6:28  Orbital Command, Siege Tank  
  78  6:33  SCV x2  
  78  6:34  Siege Tank  
  77  6:49  SCV  
  77  6:52  Viking  
  77  6:53  Viking  
  82  6:58  SCV x2  
  84  7:02  Command Center  
  84  7:05  Hellion x2, Siege Tank  
  91  7:09  Siege Tank  
  93  7:19  Orbital Command  
  93  7:20  SCV  
  85  7:25  SCV, Viking  
  85  7:26  Viking  
  86  7:31  Hellion x2  
  86  7:32  SCV  
  86  7:36  Refinery  
  91  7:37  SCV  
  91  7:38  Refinery  
  91  7:40  Supply Depot  
  91  7:42  Cyclone x2  
  91  7:43  Supply Depot  
  98  7:45  SCV x2  
  98  7:49  SCV  
  101  7:54  Armory  
  101  8:01  Supply Depot  
  101  8:02  SCV x3  
  104  8:06  Supply Depot x2, Viking  
  104  8:09  Viking  
  104  8:12  Infernal Pre-Igniter  
  108  8:14  SCV x2  
  108  8:15  Orbital Command  
  110  8:20  Armory  
  110  8:22  SCV  
  110  8:26  SCV  
  112  8:28  Engineering Bay, Siege Tank  
  112  8:31  Siege Tank  
  118  8:35  Supply Depot  
  118  8:40  Factory  
  118  8:43  Factory  
  118  8:47  Terran Vehicle Weapons Level 1  
  118  8:49  Viking  
  118  8:51  Hellion x2  
  118  8:53  Viking  
  126  8:58  Supply Depot  
  126  9:00  Missile Turret  
  124  9:12  Hellion x2  
  124  9:13  Command Center  
  128  9:19  Siege Tank x2  
  134  9:26  Viking x2  
  134  9:27  Factory Reactor  
  134  9:28  Factory Tech Lab  
  134  9:31  Sensor Tower  
  138  9:33  Hellion  
  138  9:34  Hellion  
  142  9:46  Siege Tank  
  142  9:50  Terran Vehicle And Ship Armor Level 1, Liberator  
  142  9:51  Liberator, Siege Tank  
  148  9:55  Hellion x2  
  148  9:58  Missile Turret  
  150  10:11  Hellion x2  
  150  10:12  Supply Depot  
  158  10:16  Hellion x2  
  158  10:17  Siege Tank  
  162  10:23  Hellion  
  162  10:24  Hellion  
  166  10:29  Command Center  
  166  10:33  Hellion x2  
  166  10:48  Hellion x2  
  170  10:51  Viking x2  
  176  11:04  Hellion x2  
  176  11:07  Siege Tank  
  176  11:09  Hellion  
  176  11:10  Hellion, Siege Tank  
  186  11:11  Hellion  
  190  11:25  Hellbat  
  190  11:26  Hellion  
  190  11:28  Missile Turret  
  190  11:31  Viking, Hellion  
  194  11:33  Refinery  
  194  11:34  Missile Turret  
  194  11:37  Viking, Refinery  
  195  11:40  Hellion  
  195  11:46  Missile Turret x2  
  195  11:51  Thor  
  198  12:00  Viking  
  199  12:06  Hellion  
  198  12:16  Hellion  
  198  12:19  Hellion  
  200  12:27  Hellion  
  195  12:34  Hellion  
  178  12:37  Hellion  
  168  12:45  Factory  
  168  12:46  Factory  
Tags
 
Add a new tag
Caveats
  • Supply blocks, unpowered buildings, or Contaminate may cause inaccurate times.
  • Supply counts are checked every 10 seconds.